 Dungeon Crawl Stone Soup version 0.30-b1-2-g02819fbbbe (webtiles) character file.

Game seed: 5786356523064292919

743 redmage the Chiller (level 8, -5/57 HPs)
             Began as a Meteoran Ice Elementalist on July 24, 2023.
             Slain by a gnoll sergeant
             ... wielding a +0 trident of venom
              (13 damage)
             ... on level 7 of the Dungeon.
             The game lasted 00:13:53 (910 turns).

redmage the Chiller (Meteoran Ice Elementalist)      Turns: 910, Time: 00:13:54

Health: -5/57      AC: 10    Str: 10    XL:     8   Next: 26%
Magic:  11/17      EV:  6    Int: 18    God:
Gold:   74         SH:  0    Dex: 15    Spells: 6/17 levels left

rFire   . . .        e - +2 dagger (flame)
rCold   . . .        (no shield)
rNeg    . . .        a - +0 robe
rPois   .            (no helmet)
rElec   .            (no cloak)
rCorr   .            (no gloves)
SInv    .            (no boots)
Will    +....        (no amulet)
Stlth   +            (no ring)
HPRegen 0.29/turn    (no ring)
MPRegen 0.15/turn

%: no passive effects
@: lethally poisoned (-5 -> -16), ice-armoured, freezing walls, held, glowing
A: sense surroundings 1, otherworldly, glowing, explore regen, iridescent scales
1, screaming 1, subdued magic 1
a: no special abilities


You were on level 7 of the Dungeon.
You visited 1 branch of the dungeon, and saw 7 of its levels.
You also visited: Sewer.

You collected 74 gold pieces.

Inventory:

Hand Weapons
 e - a +2 dagger of flaming (weapon)
Missiles
 c - 2 datura-tipped darts
 k - a throwing net
 n - 11 poisoned darts (quivered)
Armour
 a - a +0 robe (worn)
Scrolls
 j - a scroll of amnesia
 m - a scroll of identify
Potions
 b - 2 potions of magic
 d - a potion of curing {unknown}
 f - a potion of attraction {unknown}
 g - a potion of cancellation {unknown}
 h - a potion of mutation
 i - a potion of invisibility {unknown}
 l - 3 potions of haste {unknown}
 o - 2 potions of heal wounds {unknown}


   Skills:
 - Level 2.4 Dodging
 - Level 1.4 Stealth
 * Level 4.3 Unarmed Combat
 + Level 5.3 Spellcasting
 + Level 2.9 Summonings
 * Level 7.5 Ice Magic


You had 6 spell levels left.
You knew the following spells:

 Your Spells              Type           Power      Damage    Failure   Level
a - Freeze                Ice            96%        1d10      1%          1
b - Frozen Ramparts       Ice            48%        1d8       1%          3
c - Ozocubu's Armour      Ice            24%        N/A       1%          3
d - Summon Ice Beast      Ice/Summ       18%        N/A       12%         4

Your spell library contained the following spells:

 Spells                   Type           Power      Damage    Failure   Level


Dungeon Overview and Level Annotations

Branches:
Dungeon (7/15) Zot: 3482   Temple (0/1) D:7           Sewer (visited)

Altars:

Shops:
D:5 :


Innate Abilities, Weirdness & Mutations

You passively map a small area around you.
You are easily found by Zot.
You glow in the dark.
You regain HP and MP as you explore.
You are partially covered in iridescent scales. (AC +2)
You occasionally shout uncontrollably at your foes.
Your spells are a little easier to cast, but a little less powerful.


Message History

Confirm with . or Enter, or press ? or * to list all spells.
Casting: Frozen Ramparts (safe; 1% risk of failure)
Press: ? - help, Dir - look around, f - activate The walls around you are covered in ice.
You feel sick.
The wall freezes the scorpion but does no damage.
The scorpion stings you.
* * * LOW HITPOINT WARNING * * *
The gnoll throws a throwing net.
The throwing net hits you.
You become entangled in the net!
The gnoll sergeant hits you from afar with a +0 trident of venom.
* * * LOW HITPOINT WARNING * * *
The wall freezes the orc.
Unknown command.
Okay, then.
Casting: Frozen Ramparts (safe; 1% risk of failure)
Confirm with . or Enter, or press ? or * to list all spells.
You don't know that spell.
Unknown command.
Unknown command.
Unknown command.
You struggle against the net.
You feel sick.
The wall freezes the scorpion.
The scorpion stings you.
* * * LOW HITPOINT WARNING * * *
You are lethally poisoned!
The scorpion poisons you!
The wall freezes the gnoll.
The gnoll sergeant hits you but does no damage.
The orc wizard gestures wildly while chanting.
The orc wizard flickers and vanishes!
Deactivating autopickup; reactivate with Ctrl-A.
The wall freezes the orc!
You kill the orc!
The wall freezes the orc.
The wall freezes the scorpion.
The scorpion stings you but does no damage.
You struggle against the net.
* * * LOW HITPOINT WARNING * * *
You feel very sick.
The wall freezes the gnoll. x2
The gnoll sergeant hits you from afar with a +0 trident of venom!
You die...

, ,.....##
....#.#
#.Dg..##
g.....# *
......#.. ,
###g.g.....
#..g....{..
* ###@##* ,
#..s<# , ,
###..o.....o
#.....>...o,
,
##........#
,
#........#*
.........#
,..#......#
* * , .##
.......


You could see a steam dragon, a gnoll sergeant, a scorpion, 4 gnolls and an orc.

Vanquished Creatures
  A wyvern (D:7)
  An acid dragon (D:6)
  A water moccasin (D:7)
  A kobold brigand (Sewer)
  2 hounds (D:6)
  A jelly (D:6)
  An orc priest (D:4)
  An iguana (D:6)
  2 orc wizards
  7 adders
  2 worms
  A dart slug (D:1)
  6 orcs
  2 ball pythons (Sewer)
  3 bats (Sewer)
  2 endoplasms
  3 giant cockroaches (Sewer)
  4 goblins
  A hobgoblin (D:3)
  12 kobolds
  2 quokkas (D:2)
  2 frilled lizards (D:2)
  9 rats
67 creatures vanquished.

Vanquished Creatures (others)
  A fungus (Sewer)
  7 plants (Sewer)
8 creatures vanquished.

Grand Total: 75 creatures vanquished

Notes
Turn   | Place    | Note
-------+----------+-------------------------------------------
     0 | D:1      | redmage the Meteoran Ice Elementalist began the quest for
                  | the Orb.
     0 | D:1      | Reached XP level 1. HP: 14/14 MP: 5/5
    33 | D:2      | Reached XP level 2. HP: 18/20 MP: 4/7
    42 | D:2      | Reached skill level 5 in Ice Magic
    42 | D:2      | Reached XP level 3. HP: 26/26 MP: 5/8
    46 | D:2      | Learned a level 3 spell: Frozen Ramparts
    50 | D:2      | Learned a level 3 spell: Ozocubu's Armour
    53 | D:2      | Found a faded altar of an unknown god.
   108 | D:2      | Reached XP level 4. HP: 26/33 MP: 2/10
   276 | D:4      | Reached XP level 5. HP: 21/38 MP: 8/11
   277 | D:4      | Reached skill level 6 in Ice Magic
   309 | D:5      | Entered Level 5 of the Dungeon
   309 | D:5      | Found Ikhlishu's Book Shop.
   336 | D:5      | Learned a level 4 spell: Summon Ice Beast
   357 | D:6      | Reached XP level 6. HP: 41/45 MP: 7/13
   361 | D:6      | Reached skill level 1 in Unarmed Combat
   380 | D:6      | Gained mutation: You occasionally shout uncontrollably at
                  | your foes. [potion of mutation]
   380 | D:6      | Gained mutation: You are partially covered in iridescent
                  | scales. (AC +2) [potion of mutation]
   380 | D:6      | Gained mutation: Your spells are a little easier to cast,
                  | but a little less powerful. [potion of mutation]
   407 | D:6      | Noticed an ice beast
   535 | D:7      | Noticed a wyvern
   535 | D:7      | Found a staircase to the Ecumenical Temple.
   535 | D:7      | Noticed a water moccasin
   541 | D:7      | Killed a water moccasin
   542 | D:7      | Reached skill level 1 in Summonings
   542 | D:7      | Killed a wyvern
   543 | D:7      | Reached skill level 7 in Ice Magic
   543 | D:7      | Reached XP level 7. HP: 8/50 MP: 2/15
   581 | D:6      | Reached skill level 5 in Spellcasting
   582 | D:6      | Noticed an acid dragon
   590 | D:6      | Killed an acid dragon
   591 | D:6      | Reached XP level 8. HP: 28/57 MP: 4/16
   644 | D:6      | Found a glowing drain.
   653 | Sewer    | Entered a sewer
   907 | D:7      | Noticed a steam dragon
   910 | D:7      | Slain by a gnoll sergeant

Illustrated notes

Levels and vault maps discovered:
D:1:      dpeg_arrival_radiant, layout_loops_ring, minmay_misc_feat_iff,
          minmay_quantized
D:2:      minmay_roachtagon, layout_rooms, ebering_ecumenical_altar_sacrificial,
          basic_altar, wad_floor_pattern_1, minmay_nonomino_d4
D:3:      layout_basic, minmay_misc_feat_hallway, eino_curves_04, uniq_natasha
D:4:      minmay_wonky_spiral, layout_gridville, columned_hall_lemuel, uniq_ijyb
D:5:      layout_basic, serial_shops, nicolae_shop_tiny_waterfront,
          nicolae_half_adder, uniq_blork_the_orc
D:6:      layout_loops_ring, portal_sewer_entry_d, glass_columns_b
D:7:      layout_cave_pools, kennysheep_okawaru_gauntlet, temple_pool_b,
          minmay_joined_circles

Skill      XL: |  1  2  3  4  5  6  7  8 |
---------------+-------------------------+-----
Spellcasting   | 3 4 5 |  5.3
Ice Magic      | 5 6 7 |  7.5
Unarmed Combat | 3 4 |  4.3
Summonings     | 2 |  2.9
Dodging        | |  2.4
Stealth        | |  1.4

Action                     |  1- 3 |  4- 6 |  7- 9 || total
---------------------------+-------+-------+-------++-------
  Melee: Unarmed           |     3 |       |       ||     3
         Dagger            |     2 |    17 |    15 ||    34
         Punch             |       |     1 |     1 ||     2
  Throw: Dart              |       |       |     6 ||     6
   Cast: Freeze            |    10 |    17 |    17 ||    44
         Frozen Ramparts   |     3 |     7 |     9 ||    19
         Ozocubu's Armour  |       |     4 |     5 ||     9
         Summon Ice Beast  |       |     1 |     1 ||     2
    Use: Scroll            |       |     3 |     1 ||     4
         Potion            |       |     1 |       ||     1
 Armour: Robe              |     2 |     8 |    18 ||    28
  Dodge: Dodged            |     9 |    19 |    18 ||    46
